 Dungeon Crawl Stone Soup version 0.29.1-15-g9cfb28693d (webtiles) character file.

Game seed: 10930936706730938267

500 Cheops the Ruffian (level 7, -3/57 HPs)
             Began as a Ghoul Monk on May 2, 2023.
             Slain by a wight
             ... wielding a +0 dagger
              (7 damage)
             ... on level 6 of the Dungeon.
             The game lasted 00:12:31 (5197 turns).

Cheops the Ruffian (Ghoul Monk)                     Turns: 5197, Time: 00:12:32

Health: -3/57      AC:  4    Str: 15    XL:     7   Next: 16%
Magic:  6/6        EV: 14    Int:  5    God:
Gold:   257        SH:  0    Dex: 19    Spells: 6/6 levels left

rFire   . . .      SeeInvis .     - Unarmed
rCold   + . .      Faith    .   (no shield)
rNeg    + + +      Spirit   .   a - +1 robe
rPois   ∞          Reflect  .   (no helmet)
rElec   .          Harm     .   l - +0 cloak
rCorr   .          Rampage  .   (no gloves)
Will    .....                   (no boots)
Stlth   ++........              (no amulet)
HPRegen 0.00/turn               y - +6 ring of dexterity
MPRegen 0.10/turn               (no ring)

@: inhibited regen
A: claws 1, cold resistance 1, negative energy resistance 3, inhibited
regeneration, torment resistance 2, devour on kill
a: no special abilities


You were on level 6 of the Dungeon.
You visited 1 branch of the dungeon, and saw 6 of its levels.

You collected 257 gold pieces.

Inventory:

Hand Weapons
 b - a +2 sling of freezing
 B - a +0 antimagic dagger
 C - the +5 short sword of Spores {speed, +Blink rC+ SInv}
   (You found it on level 5 of the Dungeon)

   Attacks with this weapon are significantly faster.
   rC:        It protects you from cold.
   SInv:      It lets you see invisible.
   +Blink:    It lets you blink.
Armour
 a - a +1 robe (worn)
 l - a +0 cloak (worn)
Magical Staves
 m - a staff of conjuration
Jewellery
 y - a +6 ring of dexterity (left claw)
Wands
 j - a wand of light (10)
 z - a wand of mindburst (21)
Scrolls
 d - 2 scrolls of enchant armour
 f - a scroll of amnesia
 i - a scroll of brand weapon {unknown}
 o - 2 scrolls of noise {unknown}
 p - 2 scrolls of teleportation {unknown}
 s - 2 scrolls of butterflies {unknown}
 v - a scroll of torment {unknown}
 w - a scroll of silence {unknown}
 x - 5 scrolls of identify {unknown}
Potions
 c - 2 potions of attraction {unknown}
 e - a potion of brilliance {unknown}
 g - a potion of mutation {unknown}
 h - a potion of lignification {unknown}
 k - 3 potions of heal wounds {unknown}
 n - 3 potions of berserk rage {unknown}
 q - a potion of resistance {unknown}
 r - 2 potions of flight {unknown}
 t - a potion of curing {unknown}
 u - 2 potions of ambrosia
 A - a potion of degeneration {unknown}


   Skills:
 - Level 3.2 Fighting
 - Level 2.0 Ranged Weapons
 + Level 4.1 Dodging
 - Level 2.1 Stealth
 * Level 6.7 Unarmed Combat
 - Level 2.0 Evocations


You had 6 spell levels left.
You didn't know any spells.
Your spell library contained the following spells:

 Spells                   Type           Power      Damage    Failure   Level
 Slow                     Hex            0%         N/A       47%         1
 Confusing Touch          Hex            0%         N/A       85%         3
 Dazzling Flash           Conj/Hex       0%         N/A       85%         3
 Vampiric Draining        Necr           0%         2d6       85%         3
 Iskenderun's Mystic Bla  Conj/Tloc      0%         2d3       99%         4
 Starburst                Conj/Fire      0%         6d3       100%        6


Dungeon Overview and Level Annotations

Branches:
Dungeon (6/15)
 Temple: D:4-7

Altars:
Gozag
Trog
Wu Jian

Shops:
D:4 *[

Annotations:
D:5 1 runed translucent door, growler's ghost, amateur MfTm


Innate Abilities, Weirdness & Mutations

You are immune to poison.
You have sharp fingernails.
Your flesh is cold resistant. (rC+)
You are immune to negative energy. (rN+++)
You do not regenerate when monsters are visible.
You are immune to unholy pain and torment.
You thrive by killing the living.


Message History

The wight hits you with a +1 trident!
You closely miss the wight. You scratch the wight.
The wight is moderately damaged.
The wight barely misses you.
You closely miss the wight.
The wight is moderately damaged.
The wight closely misses you.
You closely miss the wight.
The wight is moderately damaged.
The wight hits you with a +1 trident!
You scratch the wight.
The wight is heavily damaged.
A wight comes into view.
It is wielding a +0 dagger and wearing a +0 robe of willpower.
The wight hits you with a +1 trident!
* * * LOW HITPOINT WARNING * * *
You barely miss the wight.
The wight is heavily damaged.
The wight hits you with a +1 trident!
* * * LOW HITPOINT WARNING * * *
You barely miss the wight.
The wight is heavily damaged.
The wight closely misses you.
You claw the wight!
You destroy the wight!
The wight hits you with a +0 dagger.
* * * LOW HITPOINT WARNING * * *
The wight throws a poisoned dart.
The poisoned dart hits you! The wight hits you with a +0 dagger!
* * * LOW HITPOINT WARNING * * *
The wight attacks as you move away! The wight closely misses you.
The wight attacks as you move away! The wight barely misses you.
As you read the scroll labelled WUSUUPEGGISCH, it crumbles to dust.
It is a scroll of enchant armour.
Your +0 robe glows green for a moment.
The wight hits you with a +0 dagger.
* * * LOW HITPOINT WARNING * * *
As you read the scroll labelled CISAUT SENOANK, it crumbles to dust.
It is a scroll of amnesia.
You feel forgetful for a moment. The wight hits you with a +0 dagger!
You die...

#..#.## ##...## #.###.#
##.######### #..#.##
#......[..# # #.#.##
#########.# # #.#########
########.# # #......[..###
.........# # #.###........
.#######[# # #.# #.###.###
#.# # .###.###.# #@# #.# #
.........###z# #.# #
.....##...##z####### #.# #
.#####...z.)z......######.#
# #....##..............# #
#.#.######...........# #
#.#.# ##.##.######.# #
#.... #...# # #.### #....
#..###...# #....


You could see 3 wights.

Vanquished Creatures
  2 bullfrogs
  A wight (D:6)
  Crazy Yiuf (D:2)
  An orc priest (D:5)
  2 orc wizards
  2 iguanas (D:5)
  2 adders (D:3)
  4 gnolls (D:3)
  A shadow imp (D:5)
  An ufetubus (D:4)
  2 worms
  2 dart slugs
  12 orcs
  3 bats
  3 endoplasms
  2 giant cockroaches
  7 goblins
  5 hobgoblins
  3 jackals (D:2)
  5 kobolds
  3 quokkas (D:3)
  5 ball pythons
  A frilled lizard (D:3)
  5 rats
75 creatures vanquished.

Notes
Turn   | Place    | Note
-------+----------+-------------------------------------------
     0 | D:1      | Cheops the Ghoul Monk began the quest for the Orb.
     0 | D:1      | Reached XP level 1. HP: 19/19 MP: 0/0
   612 | D:2      | Reached XP level 2. HP: 26/26 MP: 1/1
   619 | D:2      | Found a faded altar of an unknown god.
   655 | D:2      | Reached skill level 4 in Unarmed Combat
  1254 | D:2      | Reached XP level 3. HP: 31/31 MP: 2/2
  1828 | D:2      | Found a runed translucent door.
  1829 | D:2      | Noticed Crazy Yiuf
  1842 | D:2      | Killed Crazy Yiuf
  1843 | D:2      | Reached XP level 4. HP: 20/38 MP: 3/3
  2220 | D:3      | Found a bloodstained altar of Trog.
  2226 | D:3      | Reached skill level 1 in Evocations
  2704 | D:3      | Reached XP level 5. HP: 21/45 MP: 4/4
  2706 | D:3      | Reached skill level 5 in Unarmed Combat
  3312 | D:4      | Found Wum Luc's General Store.
  3347 | D:4      | Reached skill level 1 in Ranged Weapons
  3577 | D:4      | Found Tossuhaq's Antique Armour Shop.
  3928 | D:5      | Entered Level 5 of the Dungeon
  3951 | D:5      | Reached XP level 6. HP: 47/51 MP: 5/5
  3985 | D:5      | Identified the +5 short sword of Spores {speed, +Blink rC+
                  | SInv}
  3997 | D:5      | Found a runed translucent door.
  3997 | D:5      | Noticed growler's ghost (amateur MfTm)
  4148 | D:5      | Found an opulent altar of Gozag.
  4195 | D:5      | Found an ornate altar of the Wu Jian Council.
  4228 | D:5      | Reached skill level 6 in Unarmed Combat
  5145 | D:6      | Reached XP level 7. HP: 57/57 MP: 6/6
  5197 | D:6      | Slain by a wight

Illustrated notes

Levels and vault maps discovered:
D:1:      minmay_arrival_loop, layout_basic
D:2:      layout_loops_corners, ebering_ecumenical_altar_box,
          minmay_pentomino_z2, uniq_crazy_yiuf_cottage
D:3:      kennysheep_big_flooded_room, layout_loops_ring, trog_butcher_becter
D:4:      layout_cave_pools, serial_shops, shop, shop
D:5:      layout_basic, mainiacjoe_overflow_cross_hatched,
          nicolae_wu_jian_immortal_techniques, gammafunk_ghost_grave
D:6:      layout_loops_ring

Skill      XL: |  1  2  3  4  5  6 |
---------------+-------------------+-----
Unarmed Combat | 4 5 6 |  6.7
Dodging        | 3 4 |  4.1
Evocations     | 2 |  2.0
Ranged Weapons | 2 |  2.0
Fighting       | |  3.2
Stealth        | |  2.1

Action                   |  1- 3 |  4- 6 |  7- 9 || total
-------------------------+-------+-------+-------++-------
Melee: Unarmed           |    85 |   134 |     8 ||   227
       Punch             |     2 |     3 |       ||     5
 Fire: Sling             |       |    67 |       ||    67
  Use: Scroll            |       |       |     2 ||     2
 Stab: Sleeping          |     1 |     3 |       ||     4
Armor: Robe              |     7 |    27 |       ||    34
Dodge: Dodged            |    54 |   113 |     5 ||   172
